3L
ATHLETIC CLUB KC @ MONTANA PANDAS
08/12/2037
 
TOP OF THE 1ST
Athletic Club KC batting - Pitching for Montana Pandas : RHP Dan Bond
Pitching: RHP Dan Bond
Batting: LHB Wu-shun Chu 0-0: Ball
1-0: Ball
2-0: Called Strike
2-1: Called Strike
2-2: Fly out, F5 (Line Drive, 5, EV 75.0 MPH)
Batting: LHB Pablo Hernández 0-0: Foul Ball, location: 2F
0-1: Ground out 1-3 (Groundball, P, EV 66.9 MPH)
Batting: RHB Jesús Vargas 0-0: Ball
1-0: Ball
2-0: Ball
3-0: Base on Balls
Batting: SHB Shun Komatsu 0-0: Called Strike
Jesús Vargas steals 2nd base
0-1: Ball
1-1: Foul Ball, location: 2F
1-2: Ball
2-2: Ball
3-2: Base on Balls
Batting: RHB Roger Caffyn 0-0: Foul Ball, location: 2F
0-1: Foul Ball, location: 2F
0-2: Foul Ball, location: 2F
0-2: Strikes out swinging
Top of the 1st over - 0 runs, 0 hits, 0 errors, 2 left on base; Athletic Club KC 0 - Montana 0
BOTTOM OF THE 1ST
Montana Pandas batting - Pitching for Athletic Club KC : RHP Ton Jobse
Pitching: RHP Ton Jobse
Batting: SHB Goro Yokoyama 0-0: Ball
1-0: Swinging Strike
1-1: SINGLE (Groundball, 23, EV 76.9 MPH) (infield hit)
Batting: RHB Ray Walker 0-0: Called Strike
0-1: Foul Ball, location: 2F
0-2: Foul Ball, location: 2F
0-2: Foul Ball, location: 2F
0-2: Foul Ball, location: 2F
0-2: Strikes out swinging
Batting: LHB Roberto Sánchez 0-0: Ball
1-0: Ball
2-0: Ball
3-0: Called Strike
3-1: Base on Balls
Goro Yokoyama to second
Batting: RHB Chrysler Rodriguez 0-0: Called Strike
0-1: Ball
1-1: Fly out, F8 (Flyball, 89M, EV 83.8 MPH)
Batting: LHB Rio Mence 0-0: Called Strike
0-1: Ball
1-1: Ball
2-1: Ball
3-1: Swinging Strike
3-2: Foul Ball, location: 2F
3-2: Foul Ball, location: 2F
3-2: DOUBLE (Groundball, 3L, EV 101.2 MPH)
Goro Yokoyama scores
Roberto Sánchez to third
Roberto Sánchez scores
Batting: RHB Cody Jaeckel 0-0: Ball
1-0: Called Strike
1-1: Ball
2-1: Ball
3-1: Swinging Strike
3-2: Foul Ball, location: 2F
3-2: Base on Balls
Batting: LHB Mo-ruo Teoh 0-0: Called Strike
0-1: Ball
1-1: Ball
2-1: Ball
3-1: SINGLE (Groundball, 34D, EV 106.2 MPH)
Rio Mence to third
Cody Jaeckel to second
Runner from 3rd tries for Home, SAFE, throw by RF to home
Batting: RHB Dhyana Snigdha 0-0: Ball
1-0: Ground out 4-3 (Groundball, 4S, EV 85.6 MPH)
Bottom of the 1st over - 3 runs, 3 hits, 0 errors, 2 left on base; Athletic Club KC 0 - Montana 3
TOP OF THE 2ND
Athletic Club KC batting - Pitching for Montana Pandas : RHP Dan Bond
Batting: SHB Akihiko Fujii 0-0: Ball
1-0: Ball
2-0: Foul Ball, location: 2F
2-1: Called Strike
2-2: Ball
3-2: SINGLE (Groundball, 56D, EV 101.9 MPH)
Batting: LHB Gene Ricks 0-0: Called Strike
0-1: SINGLE (Groundball, 34, EV 104.4 MPH) (infield hit)
Akihiko Fujii to second
Batting: LHB Onye Mahusay 0-0: Ball
1-0: Swinging Strike
1-1: Foul Ball, location: 2F
1-2: Fly out, F9 (Flyball, 9S, EV 90.0 MPH)
Batting: RHB Colin Bottone 0-0: Ball
1-0: Foul Ball, location: 2F
1-1: Grounds into double play, 5-4-3 (Groundball, 56, EV 85.0 MPH)
Top of the 2nd over - 0 runs, 2 hits, 0 errors, 1 left on base; Athletic Club KC 0 - Montana 3
BOTTOM OF THE 2ND
Montana Pandas batting - Pitching for Athletic Club KC : RHP Ton Jobse
Batting: RHB Ryan French 0-0: Ball
1-0: Ground out 1-3 (Groundball, 34S, EV 91.9 MPH)
Batting: SHB Goro Yokoyama 0-0: Ball
1-0: Called Strike
1-1: Ball
2-1: Ball
3-1: SINGLE (Groundball, 25, EV 65.0 MPH) (infield hit)
Batting: RHB Ray Walker 0-0: Ball
Goro Yokoyama steals 2nd base
1-0: Ground out 6-3 (Groundball, 6MS, EV 70.6 MPH)
Goro Yokoyama to third
Batting: LHB Roberto Sánchez 0-0: Foul Ball, location: 2F
0-1: Foul Ball, location: 2F
0-2: Ball
1-2: Strikes out swinging
Bottom of the 2nd over - 0 runs, 1 hit, 0 errors, 1 left on base; Athletic Club KC 0 - Montana 3
TOP OF THE 3RD
Athletic Club KC batting - Pitching for Montana Pandas : RHP Dan Bond
Batting: LHB Wu-shun Chu 0-0: Called Strike
0-1: Called Strike
0-2: Foul Ball, location: 2F
0-2: Fly out, F8 (Line Drive, 8LD, EV 97.5 MPH)
Batting: LHB Pablo Hernández 0-0: Ball
1-0: SINGLE (Line Drive, 78S, EV 94.4 MPH)
Batting: RHB Jesús Vargas 0-0: Fly out, F7 (Flyball, 7D, EV 91.9 MPH)
Batting: SHB Shun Komatsu 0-0: Ball
1-0: Ball
2-0: Ball
3-0: Base on Balls
Pablo Hernández to second
Batting: RHB Roger Caffyn 0-0: Ball
1-0: Foul Ball, location: 2F
1-1: Fly out, F5 (Popup, 5SF, EV 73.1 MPH)
Top of the 3rd over - 0 runs, 1 hit, 0 errors, 2 left on base; Athletic Club KC 0 - Montana 3
BOTTOM OF THE 3RD
Montana Pandas batting - Pitching for Athletic Club KC : RHP Ton Jobse
Batting: RHB Chrysler Rodriguez 0-0: Foul Ball, location: 2F
0-1: Ball
1-1: Swinging Strike
1-2: Ball
2-2: Strikes out swinging
Batting: LHB Rio Mence 0-0: Foul Ball, location: 2F
0-1: Ball
1-1: Ball
2-1: Ball
3-1: DOUBLE (Groundball, 3L, EV 103.8 MPH)
Batting: RHB Cody Jaeckel 0-0: Called Strike
0-1: Swinging Strike
0-2: Ball
1-2: Foul Ball, location: 2F
1-2: Ball
2-2: Strikes out looking
Batting: LHB Mo-ruo Teoh 0-0: Called Strike
0-1: Ground out U3 (Groundball, 34S, EV 88.8 MPH)
Bottom of the 3rd over - 0 runs, 1 hit, 0 errors, 1 left on base; Athletic Club KC 0 - Montana 3
TOP OF THE 4TH
Athletic Club KC batting - Pitching for Montana Pandas : RHP Dan Bond
Batting: SHB Akihiko Fujii 0-0: Called Strike
0-1: Swinging Strike
0-2: SOLO HOME RUN (Flyball, 89XD, EV 96.2 MPH), Distance : 359 ft
Batting: LHB Gene Ricks 0-0: Ball
1-0: Called Strike
1-1: Ball
2-1: Foul Ball, location: 2F
2-2: Strikes out swinging
Batting: LHB Onye Mahusay 0-0: Swinging Strike
0-1: Fly out, F7 (Line Drive, 7, EV 106.2 MPH)
Batting: RHB Colin Bottone 0-0: Called Strike
0-1: Ball
1-1: Swinging Strike
1-2: Fly out, F9 (Flyball, 9LSF, EV 90.0 MPH)
Top of the 4th over - 1 run, 1 hit, 0 errors, 0 left on base; Athletic Club KC 1 - Montana 3
BOTTOM OF THE 4TH
Montana Pandas batting - Pitching for Athletic Club KC : RHP Ton Jobse
Batting: RHB Dhyana Snigdha 0-0: Called Strike
0-1: Ground out 4-3 (Groundball, 4, EV 83.1 MPH)
Batting: RHB Ryan French 0-0: Ball
1-0: Swinging Strike
1-1: Ground out 1-3 (Groundball, 34S, EV 66.9 MPH)
Batting: SHB Goro Yokoyama 0-0: Fly out, F9 (Flyball, 9LSF, EV 78.1 MPH)
Bottom of the 4th over - 0 runs, 0 hits, 0 errors, 0 left on base; Athletic Club KC 1 - Montana 3
TOP OF THE 5TH
Athletic Club KC batting - Pitching for Montana Pandas : RHP Dan Bond
Pitching: RHP Brian Walker
Batting: LHB Wu-shun Chu 0-0: Swinging Strike
0-1: SOLO HOME RUN (Line Drive, 89XD, EV 104.4 MPH), Distance : 391 ft
Batting: LHB Pablo Hernández 0-0: Ball
1-0: Ground out 6-3 (Groundball, 6, EV 83.8 MPH)
Batting: RHB Jesús Vargas 0-0: Called Strike
0-1: Fly out, F7 (Flyball, 7D, EV 100.0 MPH)
Batting: SHB Shun Komatsu 0-0: Called Strike
0-1: Ball
1-1: SOLO HOME RUN (Flyball, 9D, EV 91.2 MPH), Distance : 398 ft
Batting: RHB Roger Caffyn 0-0: Called Strike
0-1: Foul Ball, location: 2F
0-2: Foul Ball, location: 2F
0-2: Ball
1-2: Ball
2-2: Foul Ball, location: 2F
2-2: Ball
3-2: Foul Ball, location: 2F
3-2: Foul Ball, location: 2F
3-2: Strikes out looking
Top of the 5th over - 2 runs, 2 hits, 0 errors, 0 left on base; Athletic Club KC 3 - Montana 3
BOTTOM OF THE 5TH
Montana Pandas batting - Pitching for Athletic Club KC : RHP Ton Jobse
Batting: RHB Ray Walker 0-0: Ball
1-0: Called Strike
1-1: Ball
2-1: Swinging Strike
2-2: Strikes out swinging
Pitching: RHP Raúl Luna
Batting: LHB Roberto Sánchez 0-0: Ball
1-0: Foul Ball, location: 2F
1-1: Ball
2-1: Ball
3-1: Foul Ball, location: 2F
3-2: Base on Balls
Batting: RHB Chrysler Rodriguez 0-0: Ball
1-0: Ball
Roberto Sánchez steals 2nd base (no throw)
2-0: Called Strike
2-1: Ground out 1-3 (Groundball, 15, EV 86.2 MPH)
Batting: LHB Rio Mence 0-0: Ball
1-0: Foul Ball, location: 2F
1-1: Foul Ball, location: 2F
1-2: Ball
2-2: Ground out 6-3 (Groundball, 6, EV 93.8 MPH)
Bottom of the 5th over - 0 runs, 0 hits, 0 errors, 1 left on base; Athletic Club KC 3 - Montana 3
TOP OF THE 6TH
Athletic Club KC batting - Pitching for Montana Pandas : RHP Brian Walker
Batting: SHB Akihiko Fujii 0-0: Ball
1-0: Called Strike
1-1: Ball
2-1: Foul Ball, location: 2F
2-2: Ball
3-2: Fly out, F1 (Line Drive, P, EV 65.0 MPH)
Batting: LHB Gene Ricks 0-0: Called Strike
0-1: Ball
1-1: Ball
2-1: Foul Ball, location: 2F
2-2: Fly out, F5 (Line Drive, 5, EV 63.8 MPH)
Batting: LHB Onye Mahusay 0-0: Ball
1-0: Ball
2-0: Foul Ball, location: 2F
2-1: Swinging Strike
2-2: Ball
3-2: Strikes out looking
Top of the 6th over - 0 runs, 0 hits, 0 errors, 0 left on base; Athletic Club KC 3 - Montana 3
BOTTOM OF THE 6TH
Montana Pandas batting - Pitching for Athletic Club KC : RHP Raúl Luna
Batting: RHB Cody Jaeckel 0-0: SINGLE (Line Drive, 78M, EV 95.6 MPH)
Batting: LHB Mo-ruo Teoh 0-0: Ball
Cody Jaeckel is caught stealing 2nd base 2-6
1-0: Swinging Strike
1-1: Ball
2-1: Swinging Strike
2-2: Strikes out looking
Batting: RHB Dhyana Snigdha 0-0: SINGLE (Line Drive, 8LS, EV 96.9 MPH)
Batting: RHB Ryan French 0-0: Ball
Dhyana Snigdha steals 2nd, throwing error, E2
Dhyana Snigdha to third
1-0: Ball
2-0: Ground out 6-3 (Groundball, 6, EV 80.0 MPH)
Bottom of the 6th over - 0 runs, 2 hits, 1 error, 1 left on base; Athletic Club KC 3 - Montana 3
TOP OF THE 7TH
Athletic Club KC batting - Pitching for Montana Pandas : RHP Brian Walker
Batting: RHB Colin Bottone 0-0: Ball
1-0: Ball
2-0: Called Strike
2-1: Ball
3-1: SINGLE (Groundball, 3D, EV 106.2 MPH)
Pitching: LHP Brandon Franklin
Batting: LHB Wu-shun Chu 0-0: Sac Bunt to 3S - play at first, batter OUT! 3-1
Colin Bottone to second
Batting: LHB Pablo Hernández 0-0: Ball
1-0: Ball
2-0: Ball
3-0: Called Strike
3-1: Called Strike
3-2: Foul Ball, location: 2F
3-2: Foul Ball, location: 2F
3-2: Strikes out swinging
Batting: RHB Jesús Vargas 0-0: Called Strike
0-1: Called Strike
0-2: Foul Ball, location: 2F
0-2: Fly out, F8 (Line Drive, 8RM, EV 98.1 MPH)
Top of the 7th over - 0 runs, 1 hit, 0 errors, 1 left on base; Athletic Club KC 3 - Montana 3
BOTTOM OF THE 7TH
Montana Pandas batting - Pitching for Athletic Club KC : RHP Raúl Luna
Batting: SHB Goro Yokoyama 0-0: Called Strike
0-1: Foul Ball, location: 2F
0-2: Strikes out swinging
Batting: RHB Ray Walker 0-0: Swinging Strike
0-1: Swinging Strike
0-2: Foul Ball, location: 2F
0-2: Ball
1-2: Strikes out looking
Batting: LHB Roberto Sánchez 0-0: Ball
1-0: Called Strike
1-1: Foul Ball, location: 2F
1-2: Strikes out swinging
Bottom of the 7th over - 0 runs, 0 hits, 0 errors, 0 left on base; Athletic Club KC 3 - Montana 3
TOP OF THE 8TH
Athletic Club KC batting - Pitching for Montana Pandas : LHP Brandon Franklin
Batting: SHB Shun Komatsu 0-0: Ball
1-0: SOLO HOME RUN (Flyball, 7D, EV 100.6 MPH), Distance : 352 ft
Batting: RHB Roger Caffyn 0-0: Foul Ball, location: 2F
0-1: Called Strike
0-2: Foul Ball, location: 2F
0-2: Reached on error, E6 (Popup, 6S, EV 60.0 MPH)
Batting: SHB Akihiko Fujii 0-0: Ball
1-0: Ball
2-0: Ball
3-0: Base on Balls
Roger Caffyn to second
Batting: LHB Gene Ricks 0-0: Foul Ball, location: 2F
0-1: Ball
1-1: Called Strike
1-2: SINGLE (Line Drive, 6D, EV 98.8 MPH)
Roger Caffyn to third
Akihiko Fujii to second
Pitching: RHP John Kraan
Batting: LHB Onye Mahusay 0-0: Ball
1-0: Foul Ball, location: 2F
1-1: Ball
2-1: Swinging Strike
2-2: Foul Ball, location: 2F
2-2: Ball
3-2: Foul Ball, location: 2F
3-2: SINGLE (Line Drive, 34, EV 96.9 MPH)
Roger Caffyn scores
Akihiko Fujii to third
Gene Ricks to second
Batting: RHB Colin Bottone 0-0: Ball
1-0: Called Strike
1-1: Swinging Strike
1-2: Ball
2-2: Foul Ball, location: 2F
2-2: Foul Ball, location: 2F
2-2: Ball
3-2: Strikes out looking
Pitching: RHP Garrett Harrington
Batting: LHB Wu-shun Chu 0-0: Called Strike
0-1: Swinging Strike
0-2: Ball
1-2: Ball
2-2: Strikes out swinging
Batting: LHB Pablo Hernández 0-0: Ball
1-0: Called Strike
1-1: Swinging Strike
1-2: Foul Ball, location: 2F
1-2: DOUBLE (Flyball, 8RXD, EV 98.8 MPH)
Akihiko Fujii scores
Gene Ricks scores
Onye Mahusay to third
Runner from 3rd tries for Home, SAFE, no throw by CF
Batting: RHB Jesús Vargas 0-0: Called Strike
0-1: Ball
1-1: Foul Ball, location: 2F
1-2: Foul Ball, location: 2F
1-2: SINGLE (Groundball, 34D, EV 95.6 MPH)
Pablo Hernández to third
Runner from 3rd tries for Home, SAFE, no throw by RF
Batting: SHB Shun Komatsu 0-0: Ball
1-0: Foul Ball, location: 2F
1-1: Ground out 6-3 (Groundball, 6S, EV 83.1 MPH)
Top of the 8th over - 6 runs, 5 hits, 1 error, 1 left on base; Athletic Club KC 9 - Montana 3
BOTTOM OF THE 8TH
Montana Pandas batting - Pitching for Athletic Club KC : RHP Raúl Luna
Pitching: RHP Rafael Narváez
Batting: RHB Chrysler Rodriguez 0-0: Ball
1-0: Called Strike
1-1: DOUBLE (Line Drive, 89M, EV 90.6 MPH)
Batting: LHB Rio Mence 0-0: Ball
1-0: Ground out 4-3 (Groundball, 4, EV 86.9 MPH)
Chrysler Rodriguez to third
Batting: RHB Cody Jaeckel 0-0: Called Strike
0-1: Ground out 6-3 (Groundball, 56, EV 99.4 MPH)
Chrysler Rodriguez scores
Batting: LHB Mo-ruo Teoh 0-0: Ground out 4-3 (Groundball, 4, EV 81.9 MPH)
Bottom of the 8th over - 1 run, 1 hit, 0 errors, 0 left on base; Athletic Club KC 9 - Montana 4
TOP OF THE 9TH
Athletic Club KC batting - Pitching for Montana Pandas : RHP Garrett Harrington
Batting: RHB Roger Caffyn 0-0: Foul Ball, location: 2F
0-1: SINGLE (Groundball, 56D, EV 94.4 MPH)
Pitching: RHP Pierre Levegh
Batting: SHB Akihiko Fujii 0-0: Called Strike
0-1: Ball
1-1: Ball
2-1: Ball
3-1: Base on Balls
Roger Caffyn to second
Batting: LHB Gene Ricks 0-0: Ball
1-0: Ball
2-0: Ball
3-0: Base on Balls
Roger Caffyn to third
Akihiko Fujii to second
Batting: LHB Onye Mahusay 0-0: Ball
1-0: Ball
2-0: SINGLE (Line Drive, 89S, EV 97.5 MPH)
Roger Caffyn scores
Akihiko Fujii to third
Gene Ricks to second
Batting: RHB Colin Bottone 0-0: Ball
1-0: Ball
2-0: Foul Ball, location: 2F
2-1: Fielders Choice at 2nd, 6-4 (Groundball, 6, EV 82.5 MPH)
Akihiko Fujii scores
Gene Ricks to third
Batting: LHB Wu-shun Chu 0-0: Ball
1-0: Grounds into double play, 6-4-3 (Groundball, 6, EV 102.5 MPH)
Top of the 9th over - 2 runs, 2 hits, 0 errors, 1 left on base; Athletic Club KC 11 - Montana 4
BOTTOM OF THE 9TH
Montana Pandas batting - Pitching for Athletic Club KC : RHP Rafael Narváez
Batting: RHB Dhyana Snigdha 0-0: Ball
1-0: Ball
2-0: Ball
3-0: Called Strike
3-1: Base on Balls
Batting: RHB Ryan French Pickoff Throw to First - Out! 1-3
0-0: Swinging Strike
0-1: Swinging Strike
0-2: Strikes out looking
Pinch Hitting: RHB Enrico Sánchez 0-0: SINGLE (Line Drive, 89S, EV 95.0 MPH)
Batting: RHB Ray Walker 0-0: Ball
1-0: Ball
2-0: Called Strike
2-1: Foul Ball, location: 2F
2-2: Strikes out swinging
Bottom of the 9th over - 0 runs, 1 hit, 0 errors, 1 left on base; Athletic Club KC 11 - Montana 4
Thursday, January 23rd, 2020 - OOTP Baseball 20.8 Build 74